 Dungeon Crawl Stone Soup version 0.29.1-15-g9cfb28693d (webtiles) character file.

Game seed: 15408362436432079455

163 Clueless the Slasher (level 5, 0/42 HPs)
             Began as a Human Berserker on Mar 9, 2023.
             Was a Believer of Trog.
             Slain by a gnoll sergeant
             ... wielding the +3 woodcutter's axe {vorpal}
              (11 damage)
             ... on level 2 of the Dungeon.
             The game lasted 00:15:52 (2645 turns).

Clueless the Slasher (Human Berserker)              Turns: 2645, Time: 00:15:53

Health: 0/42       AC:  6    Str: 19    XL:     5   Next: 73%
Magic:  5/5        EV: 11    Int:  7    God:    Trog [**....]
Gold:   106        SH:  5    Dex: 13    Spells: 4/4 levels left

rFire   . . .      SeeInvis .   a - +0 falchion
rCold   . . .      Faith    .   (no shield)
rNeg    . . .      Spirit   .   k - +0 ring mail
rPois   .          Reflect  +   b - +0 helmet
rElec   .          Harm     .   d - scarf {repulsion}
rCorr   .          Rampage  .   (no gloves)
Will    .....                   (no boots)
Stlth   +.........              l - amulet of reflection
HPRegen 0.14/turn               (no ring)
MPRegen 0.09/turn               (no ring)

@: repel missiles
A: no striking features
a: Renounce Religion, Berserk, Trog's Hand


You were on level 2 of the Dungeon.
You worshipped Trog.
Trog was pleased with you.
You visited 1 branch of the dungeon, and saw 2 of its levels.

You collected 106 gold pieces.

Inventory:

Hand Weapons
 a - a +0 falchion (weapon)
 c - a +0 dagger
 i - a +0 dagger
 n - a +3 spectral club
Missiles
 g - 19 stones (quivered)
Armour
 b - a +0 helmet (worn)
 d - a scarf of repulsion (worn)
 k - a +0 ring mail (worn)
Jewellery
 l - an amulet of reflection (around neck)
 o - a ring of ice
 p - an amulet of regeneration
Scrolls
 h - a scroll of amnesia
 j - 2 scrolls of magic mapping
 m - a scroll of fog {unknown}
 q - 2 scrolls of teleportation {unknown}
Potions
 f - a potion of degeneration


   Skills:
 + Level 3.7 Fighting
 + Level 4.5 Long Blades
 + Level 2.9 Armour
 + Level 2.5 Dodging
 + Level 0.4 Stealth
 + Level 0.6 Shields


You had 4 spell levels left.
You didn't know any spells.
Your spell library was empty.

Dungeon Overview and Level Annotations

Branches:
Dungeon (2/15)

Altars:


Message History

You cannot move.
You cannot move.
You cannot move.
You cannot move.
You cannot move.
You cannot move.
You cannot move.
You cannot move.
You cannot move.
You cannot move.
You cannot move.
You cannot move.
You cannot move.
You start resting.
Your transformation is almost over.
You feel less wooden.
Your scarf of repulsion unmelds from your body.
Your +0 helmet unmelds from your body.
Your +0 ring mail unmelds from your body.
You are surrounded by a repulsion field.
You start resting.
HP restored.
Things that are here:
a +0 club; a gnoll skeleton
Things that are here:
a +0 club; a gnoll skeleton
Things that are here:
a +0 club; a gnoll skeleton The gnoll sergeant shouts!
You hit the gnoll sergeant but do no damage.
The gnoll sergeant hits you with the +3 woodcutter's axe {vorpal}!
You barely miss the gnoll sergeant.
The gnoll sergeant hits you with the +3 woodcutter's axe {vorpal}!
You hit the gnoll sergeant but do no damage.
The gnoll sergeant hits you with the +3 woodcutter's axe {vorpal}!
* * * LOW HITPOINT WARNING * * *
x2 The gnoll sergeant completely misses you.
The gnoll sergeant attacks as you move away!
The gnoll sergeant hits you with the +3 woodcutter's axe {vorpal}!
You die...

#......#*,,,,
######......#*,,,,
#...........#*,,,,
#...........#*,,,,
#......######*****
#......# *
#).....# *
#)###### * #@#
*♣♣♣** * #g#
*♣...,* * #.#
*♣♣..#***** #.#
♣♣♣.)$.#.,,**
#.##♣♣....♣.#.,,**
#..(.)......'.,,,*
####♣♣)..♣..#.,,**
♣♣♣....#.,,**
*♣♣..#*****


You could see a gnoll sergeant.

Vanquished Creatures
  Jessica (D:2)
  5 gnolls (D:2)
  3 adders (D:2)
  2 worms (D:2)
  2 dart slugs
  9 ball pythons
  3 bats
  2 endoplasms (D:1)
  A giant cockroach (D:2)
  7 goblins
  4 hobgoblins
  5 jackals (D:1)
  6 kobolds
  A quokka (D:2)
  A frilled lizard (D:1)
  3 rats
55 creatures vanquished.

Notes
Turn   | Place    | Note
-------+----------+-------------------------------------------
     0 | D:1      | Clueless the Human Berserker began the quest for the Orb.
     0 | D:1      | Reached XP level 1. HP: 18/18 MP: 1/1
   168 | D:1      | Reached XP level 2. HP: 21/24 MP: 2/2
   573 | D:1      | Reached XP level 3. HP: 7/29 MP: 3/3
  1761 | D:2      | Reached ** piety under Trog
  2005 | D:2      | Noticed Jessica
  2012 | D:2      | Killed Jessica
  2013 | D:2      | Reached skill level 4 in Long Blades
  2013 | D:2      | Reached XP level 4. HP: 29/36 MP: 4/4
  2163 | D:2      | Reached XP level 5. HP: 31/41 MP: 5/5
  2645 | D:2      | Slain by a gnoll sergeant

Illustrated notes

Levels and vault maps discovered:
D:1:      dpeg_arrival_rooms_with_view, layout_basic,
          chequers_serial_rivers_small_3, minmay_pentomino_q4
D:2:      layout_basic, hex_tiny, chequers_serial_rivers_marsh,
          grunt_decor_mini_mirrors, pf_guarded_unrand_woodcutter, uniq_jessica

Skill      XL: |  1  2  3 |
---------------+----------+-----
Long Blades    | 4 |  4.5
Fighting       | |  3.7
Armour         | |  2.9
Dodging        | |  2.5
Stealth        | |  0.4
Shields        | |  0.6

Action                   |  1- 3 |  4- 6 || total
-------------------------+-------+-------++-------
Melee: Falchion          |   129 |    77 ||   206
       Punch             |     2 |       ||     2
Invok: Berserk           |       |     1 ||     1
  Use: Scroll            |     6 |     2 ||     8
       Potion            |     1 |     1 ||     2
 Stab: Held in net/web   |     1 |       ||     1
Armor: Animal skin       |     9 |       ||     9
       Ring mail         |    31 |    35 ||    66
       Skin              |     2 |     1 ||     3
Dodge: Dodged            |    73 |    37 ||   110
       Repelled          |     1 |     1 ||     2
Block: Other             |    11 |    25 ||    36
       Reflection        |     1 |       ||     1
